 Dungeon Crawl Stone Soup version 0.29.1-15-g9cfb28693d (webtiles) character file.

Game seed: 6078965037260452087

164 GigaChad the Chopper (level 5, -2/45 HPs)
             Began as a Minotaur Gladiator on Mar 11, 2023.
             Succumbed to an orc wizard's poison
             ... on level 3 of the Dungeon.
             The game lasted 00:02:23 (2991 turns).

GigaChad the Chopper (Minotaur Gladiator)           Turns: 2991, Time: 00:02:23

Health: -2/45      AC:  8    Str: 20    XL:     5   Next: 21%
Magic:  4/4        EV:  8    Int:  5    God:
Gold:   91         SH:  0    Dex: 12    Spells: 4/4 levels left

rFire   . . .      SeeInvis .   a - +1 war axe (flame)
rCold   . . .      Faith    .   (no shield)
rNeg    . . .      Spirit   .   l - +0 chain mail
rPois   .          Reflect  .   c - +0 hat
rElec   .          Harm     .   (no cloak)
rCorr   .          Rampage  .   (no gloves)
Will    .....                   (no boots)
Stlth   ..........              (no amulet)
HPRegen 0.15/turn               (no ring)
MPRegen 0.09/turn               (no ring)

@: lethally poisoned (-2 -> -17)
A: horns 2, retaliatory headbutt
a: no special abilities


You were on level 3 of the Dungeon.
You visited 1 branch of the dungeon, and saw 3 of its levels.

You collected 91 gold pieces.

Inventory:

Hand Weapons
 a - a +1 war axe of flaming (weapon)
Missiles
 d - 5 throwing nets (quivered)
 e - a javelin
Armour
 b - a +0 leather armour
 c - a +0 hat (worn)
 l - a +0 chain mail (worn)
Jewellery
 i - a ring of resist corrosion
Wands
 p - a wand of roots (13)
Scrolls
 f - 2 scrolls of teleportation
 h - a scroll of blinking {unknown}
 k - a scroll of noise {unknown}
 n - a scroll of enchant armour {unknown}
 o - a scroll of butterflies {unknown}
Potions
 g - 2 potions of berserk rage {unknown}
 j - a potion of mutation {unknown}
 m - 3 potions of curing {unknown}


   Skills:
 + Level 3.2 Fighting
 + Level 5.6 Axes
 + Level 2.1 Throwing
 + Level 2.4 Armour
 + Level 4.0 Dodging
 + Level 0.2 Stealth


You had 4 spell levels left.
You didn't know any spells.
Your spell library contained the following spells:

 Spells                   Type           Power      Damage    Failure   Level
 Stone Arrow              Conj/Erth      0%         3d7       100%        3
 Animate Armour           Summ/Erth      0%         N/A       100%        4
 Lehudib's Crystal Spear  Conj/Erth      0%         10d2      100%        8


Dungeon Overview and Level Annotations

Branches:
Dungeon (3/15)

Altars:
Wu Jian


Innate Abilities, Weirdness & Mutations

You have a pair of horns on your head.
You reflexively headbutt those who attack you in melee.


Message History

A puff of flame appears from out of thin air!
The puff of flame hits you but does no damage.
You barely miss something. You headbutt something. You barely miss something.
Something hits you but does no damage. x2
You miss something. You hit something. You burn something. You slash the orc!
You burn the orc.
You kill the orc!
Something hits you but does no damage. Something hits you.
You hit something. You burn something. Your headbutt misses something.
You barely miss something. Something hits you.
You are poisoned.
You hear some strange, mumbled words.
A magic dart appears from out of thin air!
The magic dart hits you but does no damage.
You barely miss something. Your headbutt misses something.
You closely miss something.
You feel very sick. Something hits you but does no damage.
You are more poisoned.
You hear some strange, mumbled words.
A magic dart appears from out of thin air!
The magic dart hits you. Something hits you but does no damage.
You hear some strange, mumbled words.
A magic dart appears from out of thin air!
The magic dart hits you!
You barely miss something. x2
* * * LOW HITPOINT WARNING * * *
You feel very sick. Something hits you but does no damage. Something hits you.
* * * LOW HITPOINT WARNING * * *
You are more poisoned.
You miss something. Your headbutt misses something. You closely miss something.
* * * LOW HITPOINT WARNING * * *
You feel very sick. Something hits you but does no damage. Something hits you.
* * * LOW HITPOINT WARNING * * *
You slash something! You burn something.
Reactivating autopickup.
You feel a bit more experienced.
You barely miss something.
You die...

##...##...#......#
#....[....#......# ..
###.........#......##..
......................
..........###.......##
............#........=
............#.)......<
.................########
..#.............@).......
♣##.............){......#
♣#####.................
#...######........ #....
......... #.... .#####...
#.... .. .. .. . ...


There were no monsters in sight!

Vanquished Creatures
  2 orc priests
  2 orc wizards
  3 adders (D:2)
  2 dart slugs
  5 orcs
  3 ball pythons
  3 endoplasms
  2 giant cockroaches (D:2)
  2 goblins
  7 hobgoblins
  2 jackals (D:2)
  A quokka (D:2)
  A frilled lizard (D:2)
  9 kobolds
  3 rats
47 creatures vanquished.

Vanquished Creatures (others)
  2 plants (D:3)
2 creatures vanquished.

Grand Total: 49 creatures vanquished

Notes
Turn   | Place    | Note
-------+----------+-------------------------------------------
     0 | D:1      | GigaChad the Minotaur Gladiator began the quest for the
                  | Orb.
     0 | D:1      | Reached XP level 1. HP: 18/18 MP: 0/0
   212 | D:1      | Reached XP level 2. HP: 25/25 MP: 1/1
   267 | D:1      | Reached skill level 4 in Axes
   898 | D:2      | Reached XP level 3. HP: 30/30 MP: 2/2
   903 | D:2      | Found an ornate altar of the Wu Jian Council.
  2126 | D:2      | Reached skill level 1 in Armour
  2126 | D:2      | Reached XP level 4. HP: 36/37 MP: 3/3
  2134 | D:2      | Reached skill level 5 in Axes
  2982 | D:3      | Reached XP level 5. HP: 35/45 MP: 4/4
  2990 | D:3      | HP: 2/45 [something (3)]
  2991 | D:3      | Succumbed to an orc wizard's poison

Illustrated notes

Levels and vault maps discovered:
D:1:      giann_horns, layout_loops_ring, hangedman_decor_points,
          minmay_tetromino_i2
D:2:      layout_loops_corners, basic_altar
D:3:      layout_basic, serial_bayou_lagoon_b

Skill      XL: |  1  2  3  4 |
---------------+-------------+-----
Axes           | 4 5 |  5.6
Armour         | 1 2 |  2.4
Fighting       | 3 |  3.2
Dodging        | 4 |  4.0
Throwing       | |  2.1
Stealth        | |  0.2

Action                   |  1- 3 |  4- 6 || total
-------------------------+-------+-------++-------
Melee: War axe           |    59 |    34 ||    93
       Headbutt          |    10 |     7 ||    17
  Use: Scroll            |     3 |       ||     3
Armor: Leather armour    |    13 |       ||    13
       Chain mail        |    11 |    31 ||    42
Dodge: Dodged            |    43 |     7 ||    50
